 Dungeon Crawl Stone Soup version 0.32-a0-163-g159c032296 (webtiles) character file.

Game seed: 8011465670909190405

116 anacleto the Shooter (level 4, -2/23 HPs)
             Began as a Spriggan Hunter on Feb 11, 2024.
             Slain by a river rat (8 damage)
             ... in a sewer.
             The game lasted 00:05:24 (1922 turns).

anacleto the Shooter (Spriggan Hunter)              Turns: 1922, Time: 00:05:24

Health: -2/23      AC:  2    Str:  7    XL:     4   Next: 70%
Magic:  5/5        EV: 18    Int: 10    God:
Gold:   71         SH:  0    Dex: 20    Spells: 3/3 levels left

rFire   . . .        a - +0 dagger (elec)
rCold   . . .        (no shield)
rNeg    . . .        c - +0 robe
rPois   .            (helmet restricted)
rElec   .            (no cloak)
rCorr   .            (gloves unavailable)
SInv    +            (boots unavailable)
Will    .....        (no amulet)
Stlth   +            (no ring)
HPRegen 0.23/turn    (no ring)
MPRegen 0.09/turn

%: no passive effects
@: slow
A: very small, no large weapons, unfitting armour, see invisible, speed 3
a: no special abilities


You were in a sewer.
You visited 1 branch of the dungeon, and saw 3 of its levels.
You also visited: Sewer.

You collected 71 gold pieces.

Inventory:

Hand Weapons
 a - a +0 dagger of electrocution (weapon)
 b - a +0 shortbow
Armour
 c - a +0 robe (worn)
Jewellery
 e - an amulet of regeneration
 o - an amulet of the acrobat
Scrolls
 f - 3 scrolls of revelation
 h - 2 scrolls of teleportation {unknown}
 i - 3 scrolls of identify {unknown}
 k - a scroll of butterflies
Potions
 d - a potion of curing {unknown}
 g - a potion of degeneration {unknown}
 j - a potion of enlightenment {unknown}
 l - a potion of attraction {unknown}
 m - a potion of lignification {unknown}
 n - a potion of heal wounds {unknown}


   Skills:
 - Level 1.8 Fighting
 * Level 5.8 Ranged Weapons
 - Level 3.1 Dodging
 - Level 2.3 Stealth


You had 3 spell levels left.
You didn't know any spells.
Your spell library contained the following spells:

 Spells                   Type           Power      Damage    Failure   Level
 Slow                     Hex            0%         N/A       36%         1
 Confusing Touch          Hex            0%         N/A       75%         3
 Sigil of Binding         Hex            0%         N/A       75%         3
 Vampiric Draining        Necr           0%         2d6       75%         3


Dungeon Overview and Level Annotations

Branches:
Dungeon (3/15)              Sewer (1/1)

Altars:
Ru


Innate Abilities, Weirdness & Mutations

You are very small and have problems with some larger weapons.
You are too small for most types of armour.
You have supernaturally acute eyesight. (SInv)
You cover ground extremely quickly. (Speed+++)


Message History

The river rat twitches its whiskers.
The adder bites you but does no damage.
You hear the crackle of electricity.
a - a +0 dagger of electrocution (weapon)
The adder hisses angrily.
The adder barely misses you.
You hit the adder.
The adder is moderately wounded.
The adder bites you but does no damage. The river rat closely misses you.
A river rat comes into view.
The frilled lizard hisses angrily.
The river rat squeaks loudly.
You hit the adder but do no damage. Lightning courses through the adder!!
You kill the adder!
You hear an angry hiss.
The river rat closely misses you. The adder misses you.
Your unstable footing causes you to fumble your attack.
The adder barely misses you.
You closely miss the adder. The adder misses you.
The river rat barely misses you.
Your unstable footing causes you to fumble your attack.
The adder misses you. The river rat bites you.
The adder bites you but does no damage.
You hit the adder. Lightning courses through the adder!
You kill the adder!
The river rat barely misses you.
Your unstable footing causes you to fumble your attack.
The river rat barely misses you.
You hit the rat but do no damage.
The rat splashes around in the water.
The river rat closely misses you. The river rat misses you.
You hit the river rat but do no damage. The river rat completely misses you.
A rat comes into view.
The river rat bites you. The frilled lizard closely misses you.
Your unstable footing causes you to fumble your attack.
The river rat bites you! The rat bites you. The river rat bites you.
* * * LOW HITPOINT WARNING * * *
The frilled lizard completely misses you.
The rat closely misses you. The river rat misses you.
The river rat attacks as it pursues you!
The river rat bites you!
You die...

#~~~~≈~#
#≈~r≈≈≈#
#≈~~~≈≈#
#≈≈~~≈≈#
#≈~~≈≈≈#
#≈.~S~≈#
#≈rlr~≈#
#≈≈rrr≈#
#≈~≈@~≈#
#≈≈~≈≈≈#
#≈≈~≈≈≈#
#≈~~~≈≈#
#≈~~≈≈≈#
#≈~≈~≈≈#
#~~≈~~~#
#......#
#......#


You could see 2 river rats, a ball python, a frilled lizard and 4 rats.

Vanquished Creatures
  Jessica (D:2)
  Robin (D:2)
  2 adders (Sewer)
  2 ribbon worms
  A dart slug (D:2)
  2 ball pythons
  4 endoplasms
  A giant cockroach (D:2)
  11 goblins
  10 hobgoblins
  2 jackals (D:1)
  A quokka (D:1)
  3 bats
  3 frilled lizards
  4 kobolds
  3 rats
51 creatures vanquished.

Notes
Turn   | Place    | Note
-------+----------+-------------------------------------------
     0 | D:1      | anacleto the Spriggan Hunter began the quest for the Orb.
     0 | D:1      | Reached XP level 1. HP: 10/10 MP: 2/2
   327 | D:1      | Reached XP level 2. HP: 15/15 MP: 3/3
   968 | D:2      | Found a sacrificial altar of Ru.
  1032 | D:2      | Reached XP level 3. HP: 18/18 MP: 4/4
  1163 | D:2      | Noticed Robin
  1185 | D:2      | Killed Robin
  1196 | D:2      | Reached skill level 5 in Ranged Weapons
  1218 | D:2      | Noticed Jessica
  1231 | D:2      | Killed Jessica
  1232 | D:2      | Reached XP level 4. HP: 12/23 MP: 5/5
  1871 | D:3      | Found a glowing drain.
  1890 | Sewer    | Entered a sewer
  1922 | Sewer    | Slain by a river rat

Illustrated notes

Levels and vault maps discovered:
D:1:      erik_arrival_cave_to_civilisation [erik_arrival_cave_to_hall],
          layout_basic
D:2:      layout_loops_ring, basic_altar, uniq_robin, uniq_jessica
D:3:      layout_basic, cheibrodos_sewer_entry_bend, st_stairs_8,
          uniq_crazy_yiuf_cottage
Sewer:    sewer_minmay_w

Skill      XL: |  1  2  3 |
---------------+----------+-----
Stealth        | 2 |  2.3
Dodging        | 3 |  3.1
Ranged Weapons | 5 |  5.8
Fighting       | |  1.8

Action                     |  1- 3 |  4- 6 || total
---------------------------+-------+-------++-------
  Melee: Dagger            |       |    18 ||    18
   Fire: Shortbow          |   115 |    29 ||   144
    Use: Scroll            |       |     1 ||     1
 Armour: Robe              |    10 |    13 ||    23
  Dodge: Dodged            |    27 |    29 ||    56

Table legend: (Time is in decaauts)
 A = Elapsed time spent in this place.
 B = Non-inter-level travel time spent in this place.
 C = Inter-level travel time spent in this place.
 D = Time resting spent in this place.
 E = Time spent auto-exploring this place.
 F = Levels seen in this place.
 G = Mean time per level.
                   A        B        C        D        E       F      G
               +--------+--------+--------+--------+--------+-----+--------+
         Total |   1310 |   1227 |     83 |      0 |    877 |   4 |  327.5 |
       Dungeon |   1277 |   1194 |     83 |      0 |    877 |   3 |  425.7 |
         Sewer |     33 |     33 |      0 |      0 |      0 |   1 |   33.0 |
               +--------+--------+--------+--------+--------+-----+--------+

Top non-repeatable levels by time:
     D:2: 639 daAuts
     D:1: 527 daAuts
     D:3: 110 daAuts
   Sewer: 33 daAuts
